 Dungeon Crawl Stone Soup version 0.31-a0-187-gba352fbbf7 (webtiles) character file.

Game seed: 15279668049210796177

944 qw the Skirmisher (level 7, -8/40 HPs)
             Began as a Deep Elf Hunter on June 22, 2023.
             Mangled by a wight
             ... wielding a +3 dire flail
              (16 damage)
             ... on level 6 of the Dungeon.
             The game lasted 00:01:49 (4377 turns).

qw the Skirmisher (Deep Elf Hunter)                 Turns: 4377, Time: 00:01:50

Health: -8/40      AC: 10    Str: 10    XL:     7   Next: 88%
Magic:  9/9        EV: 11    Int: 14    God:
Gold:   140        SH:  0    Dex: 18    Spells: 6/6 levels left

rFire   . . .        Y - +1 shortbow
rCold   . . .        (shield currently unavailable)
rNeg    . . .        d - +0 ring mail
rPois   .            h - +1 helmet
rElec   .            (no cloak)
rCorr   .            f - +2 pair of gloves
SInv    .            (no boots)
Will    .....        a - amulet of faith
Stlth   +            (no ring)
HPRegen 0.26/turn    (no ring)
MPRegen 0.11/turn

%: faith
@: about to teleport
A: no striking features
a: no special abilities


You were on level 6 of the Dungeon.
You visited 2 branches of the dungeon, and saw 7 of its levels.

You collected 272 gold pieces.
You spent 132 gold pieces at shops.


   Skills:
 - Level 2.4 Fighting
 + Level 11.9 Ranged Weapons
 - Level 1.1 Armour
 - Level 3.6 Dodging
 - Level 1.2 Stealth


You had 6 spell levels left.
You didn't know any spells.
Your spell library was empty.

Inventory:

Hand Weapons
 Y - a +1 shortbow (weapon)
Armour
 d - a +0 ring mail (worn)
 f - a +2 pair of gloves (worn)
 h - a +1 helmet (worn)
Jewellery
 a - an amulet of faith (around neck)
Scrolls
 b - a scroll of identify
Potions
 e - 2 potions of curing
 g - a potion of mutation
 i - a potion of haste
 l - a potion of attraction {unknown}
 m - a potion of might {unknown}

Dungeon Overview and Level Annotations

Branches:
Dungeon (6/15)             Temple (1/1) D:4

Altars:
Ashenzari
Cheibriados
Dithmenos
Elyvilon
Gozag
Hepliaklqana
Kikubaaqudgha
Makhleb
Nemelex Xobeh
Qazlal
Ru
Trog
Uskayaw
Vehumet
Wu Jian
Xom
Yredelemnul
Zin
The Shining One

Shops:
D:3 !

Annotations:
D:4 1 runed translucent door


Message History

The wight is almost destroyed.
You shoot an arrow. The arrow hits the wight.
You destroy the wight!
You shoot an arrow. The arrow barely misses the wight.
You shoot an arrow. The arrow hits the wight.
The wight is moderately damaged.
You shoot an arrow.
The arrow hits the wight but does no damage.
The wight is moderately damaged.
You shoot an arrow.
The arrow hits the wight but does no damage.
The wight is moderately damaged.
You shoot an arrow. The arrow hits the wight.
The wight is severely damaged.
You shoot an arrow. The arrow hits the wight.
The wight is almost destroyed.
The wight barely misses you.
You shoot an arrow.
The arrow hits the wight but does no damage.
The wight is almost destroyed.
The wight hits you with a +3 dire flail!
You shoot an arrow. The arrow closely misses the wight.
The wight closely misses you.
You shoot an arrow.
The arrow hits the wight but does no damage.
The wight is almost destroyed.
The wight hits you with a +3 dire flail!
You shoot an arrow.
The arrow hits the wight but does no damage.
The wight is almost destroyed.
The wight closely misses you.
You shoot an arrow.
The arrow hits the wight but does no damage.
The wight is almost destroyed.
The wight hits you with a +3 dire flail.
4377 ||| READING scroll of teleportation.
As you read the scroll of teleportation, it crumbles to dust.
You feel strangely unstable.
The wight hits you with a +3 dire flail!
You die...

####..# #..~.#.#
#.....## #..~.#.#
#.###..##
#..~.#.#
#.####..###....#
................#
###............##
.....(...>...###
..#..........# #
#.........@#
##########z# #.#
#)# ..# ..# ..#
...#


You could see a wight.

Vanquished Creatures
  An ice beast (D:5)
  2 black bears (D:5)
  2 phantoms (D:3)
  2 scorpions
  A wight (D:6)
  A hound (D:5)
  2 sleepcaps (D:4)
  2 iguanas
  5 adders
  3 gnolls (D:5)
  An adder zombie (D:2)
  3 worms
  4 dart slugs
  14 orcs
  8 ball pythons
  3 bat skeletons (D:2)
  A bat zombie (D:2)
  11 endoplasms
  2 giant cockroaches
  7 goblins
  7 hobgoblins
  10 jackals
  A quokka (D:3)
  A ball python skeleton (D:2)
  A ball python zombie (D:2)
  8 bats
  2 frilled lizards (D:1)
  A giant cockroach zombie (D:2)
  A jackal skeleton (D:4)
  4 kobolds
  3 quokka skeletons (D:2)
  8 rats
122 creatures vanquished.

Notes
Turn   | Place    | Note
-------+----------+-------------------------------------------
     0 | D:1      | qw the Deep Elf Hunter began the quest for the Orb.
     0 | D:1      | Reached XP level 1. HP: 12/12 MP: 3/3
     0 | D:1      | 0 ||| qw: Version: 0.3-a-9-g12657ce
     0 | D:1      | 0 ||| qw: Game counter: 2296
     0 | D:1      | 0 ||| qw: Always use a shield: true
     0 | D:1      | 0 ||| qw: God list: Okawaru
     0 | D:1      | 0 ||| qw: Allow faded altars: false
     0 | D:1      | 0 ||| qw: Do Orc after D:15 true
     0 | D:1      | 0 ||| qw: Do second Lair branch before Depths: true
     0 | D:1      | 0 ||| qw: Lair rune preference: random
     0 | D:1      | 0 ||| qw: Plans: Normal
     0 | D:1      | 0 ||| PLANNING D:1-11
   106 | D:1      | Reached XP level 2. HP: 16/16 MP: 4/4
   110 | D:1      | Reached skill level 6 in Ranged Weapons
   452 | D:1      | Reached XP level 3. HP: 20/20 MP: 5/5
   454 | D:1      | 454 ||| UPGRADING to +0 ring mail.
   464 | D:1      | 464 ||| DROPPING +0 leather armour.
   465 | D:1      | 465 ||| UPGRADING to +2 pair of gloves.
   470 | D:1      | 470 ||| UPGRADING to +0 helmet.
   475 | D:1      | 475 ||| READING scroll labelled MATYIN JYBRUN.
   480 | D:1      | 480 ||| DROPPING scroll of butterflies.
   529 | D:2      | 529 ||| STAIRDANCE
   550 | D:2      | 550 ||| STAIRDANCE
   597 | D:2      | 597 ||| STAIRDANCE
   616 | D:2      | 616 ||| STAIRDANCE
   619 | D:1      | Reached skill level 7 in Ranged Weapons
   828 | D:2      | Reached XP level 4. HP: 25/25 MP: 6/6
  1258 | D:2      | 1258 ||| READING scroll labelled JANWUCA FAMERIUG.
  1259 | D:2      | 1259 ||| READING scroll labelled JOTEMU IRCHAQIH.
  1260 | D:2      | 1260 ||| READING scroll labelled ACAUCH IVEL.
  1261 | D:2      | 1261 ||| READING scroll labelled UHAGIU KEMED.
  1638 | D:3      | Found an ancient bone altar of Kikubaaqudgha.
  1639 | D:3      | Found a stormy altar of Qazlal.
  1693 | D:3      | Found Onine's Distillery.
  1699 | D:3      | 1699 ||| BUYING potion of curing (36 gold).
  1699 | D:3      | Bought a potion of curing for 36 gold pieces
  1699 | D:3      | 1699 ||| BUYING potion of curing (36 gold).
  1699 | D:3      | Bought a potion of curing for 36 gold pieces
  1699 | D:3      | 1699 ||| SHOPLISTING potion of haste (120 gold, have 112).
  1699 | D:3      | 1699 ||| BUYING potion of heal wounds (60 gold).
  1699 | D:3      | Bought a potion of heal wounds for 60 gold pieces
  1699 | D:3      | 1699 ||| SHOPLISTING potion of mutation (96 gold, have 52).
  1702 | D:3      | Found a sparkling altar of Nemelex Xobeh.
  1713 | D:3      | Reached skill level 8 in Ranged Weapons
  1777 | D:3      | Found a faded altar of an unknown god.
  1966 | D:3      | Found a hazy altar of Hepliaklqana.
  2105 | D:3      | Found a bloodstained altar of Trog.
  2121 | D:3      | 2121 ||| UPGRADING to amulet of faith.
  2126 | D:3      | 2126 ||| READING 4 scrolls labelled ZAN YHUVVYTA.
  2127 | D:3      | 2127 ||| READING scroll labelled NIQUSCH BIEGYRU.
  2128 | D:3      | 2128 ||| DRINKING 2 bubbling ruby potions.
  2129 | D:3      | 2129 ||| DROPPING 3 scrolls of fog.
  2187 | D:4      | Noticed a scorpion
  2189 | D:4      | Noticed a phantom
  2194 | D:4      | 2194 ||| STAIRDANCE
  2198 | D:3      | Killed a scorpion
  2199 | D:3      | Reached XP level 5. HP: 15/29 MP: 7/7
  2265 | D:4      | Noticed a phantom
  2267 | D:4      | 2267 ||| STAIRDANCE
  2283 | D:3      | Killed a phantom
  2284 | D:3      | Reached skill level 9 in Ranged Weapons
  2288 | D:3      | HP: 5/29 [orc/+0 whip (4)]
  2289 | D:3      | 2289 ||| DRINKING potion of heal wounds.
  2308 | D:4      | 2308 ||| STAIRDANCE
  2310 | D:3      | Killed a phantom
  2311 | D:3      | Reached XP level 6. HP: 26/36 MP: 8/8
  2401 | D:4      | Reached skill level 1 in Armour
  2432 | D:4      | Found a staircase to the Ecumenical Temple.
  2433 | D:4      | 2433 ||| PLANNING TEMPLE
  2439 | Temple   | Entered the Ecumenical Temple
  2635 | Temple   | 2635 ||| PLANNING D:1-11
  2714 | D:4      | Found a runed translucent door.
  2714 | D:4      | Noticed a human
  2973 | D:4      | Found a basalt altar of Yredelemnul.
  2988 | D:4      | 2988 ||| READING 2 scrolls of identify.
  2988 | D:4      | 2988 ||| IDENTIFYING green potion
  3012 | D:5      | Entered Level 5 of the Dungeon
  3019 | D:5      | Noticed an ice beast
  3026 | D:5      | Killed an ice beast
  3027 | D:5      | Reached skill level 10 in Ranged Weapons
  3027 | D:5      | Reached XP level 7. HP: 40/40 MP: 9/9
  3068 | D:5      | Reached skill level 3 in Dodging
  3524 | D:5      | Reached skill level 11 in Ranged Weapons
  3533 | D:5      | HP: 9/40 [gnoll bouda/+0 club (6)]
  3534 | D:5      | 3534 ||| READING scroll of teleportation.
  3534 | D:5      | HP: 4/40 [gnoll/+0 spear[a gnoll bouda] (5)]
  3535 | D:5      | 3535 ||| DRINKING potion of heal wounds.
  3537 | D:5      | 3537 ||| FLEEEEING.
  3538 | D:5      | 3538 ||| FLEEEEING.
  3539 | D:5      | 3539 ||| FLEEEEING.
  3543 | D:5      | 3543 ||| FLEEEEING.
  3544 | D:5      | 3544 ||| FLEEEEING.
  3545 | D:5      | 3545 ||| FLEEEEING.
  3546 | D:5      | 3546 ||| FLEEEEING.
  3547 | D:5      | 3547 ||| FLEEEEING.
  3548 | D:5      | 3548 ||| FLEEEEING.
  3549 | D:5      | 3549 ||| FLEEEEING.
  3562 | D:5      | 3562 ||| FLEEEEING.
  3566 | D:5      | 3566 ||| STAIRDANCE
  3598 | D:4      | 3598 ||| DRINKING 2 bubbling golden potions.
  3599 | D:4      | 3599 ||| DRINKING 3 potions of curing.
  3599 | D:4      | 3599 ||| (to cure confusion)
  3600 | D:4      | 3600 ||| DROPPING potion of ambrosia.
  3610 | D:5      | 3610 ||| STAIRDANCE
  3977 | D:5      | 3977 ||| READING scroll of enchant armour.
  3977 | D:5      | 3977 ||| ENCHANTING +0 helmet.
  4056 | D:5      | Found a glowing silver altar of Zin.
  4323 | D:6      | Found a hide-covered altar of Uskayaw.
  4376 | D:6      | HP: 8/40 [wight/+3 dire flail (4)]
  4377 | D:6      | 4377 ||| READING scroll of teleportation.
  4377 | D:6      | Mangled by a wight

Levels and vault maps discovered:
D:1:      wheals_arrival_shading, layout_rooms
D:2:      layout_loops_cross, serial_undead, serial_undead_b, serial_undead_a,
          serial_undead_b, serial_undead_c, serial_undead_b, serial_undead_e
D:3:      layout_loops_corners, general_overflow_altar,
          lemuel_coloured_pillars_altar, lightli_temple_of_fire,
          grunt_temple_overflow_open, ebering_ecumenical_altar_mist,
          serial_shops, nicolae_shop_tiny_waterfront
D:4:      layout_rooms, dk_yredelemnul_ordeal, minmay_temple_entry_arrows,
          grunt_decor_one_mirror
D:5:      layout_basic, zin_statuary
D:6:      layout_basic, mainiacjoe_overflow_boulevard, fedhas_altar_3,
          lemuel_blue_sif_altar
Temple:   minmay_temple_curvy_loop

Skill      XL: |  1  2  3  4  5  6  7 |
---------------+----------------------+-----
Ranged Weapons | 6 7 8 9 10 11 | 11.9
Fighting       | 2 |  2.4
Armour         | 1 |  1.1
Dodging        | 3 |  3.6
Stealth        | |  1.2

Action                     |  1- 3 |  4- 6 |  7- 9 || total
---------------------------+-------+-------+-------++-------
   Fire: Shortbow          |   108 |   189 |   102 ||   399
    Use: Scroll            |     1 |     7 |     3 ||    11
         Potion            |       |     2 |     3 ||     5
 Armour: Leather armour    |     4 |       |       ||     4
         Ring mail         |    57 |    61 |    23 ||   141
  Dodge: Dodged            |    70 |    85 |    44 ||   199

Table legend:
 A = Non-vault XP
 B = Vault XP
 C = Vault XP percentage of total XP
 D = Non-vault monster count
 E = Vault monster count
 F = Vault count percentage of total count
                 A         B        C        D         E       F
            +---------+---------+-------+---------+---------+-------
      Total |    1329 |      20 |   1.5 |     110 |      12 |   9.8
            +---------+---------+-------+---------+---------+-------
        D:1 |      50 |       0 |   0.0 |      27 |       0 |   0.0
        D:2 |      57 |      19 |  25.0 |      22 |      11 |  33.3
        D:3 |     345 |       0 |   0.0 |      21 |       0 |   0.0
        D:4 |     168 |       1 |   0.6 |      20 |       1 |   4.8
        D:5 |     587 |       0 |   0.0 |      14 |       0 |   0.0
        D:6 |     122 |       0 |   0.0 |       6 |       0 |   0.0
            +---------+---------+-------+---------+---------+-------
